AoeStats
← [CUBA] Patron

Morass

502974118Analyzed
2v2 EW · 1mo ago on Aug 29, 2026· 12m 24s· 4 players
Game mode
Empire Wars
Map size
Medium (4 player)
Population
200
Speed
Normal
Resources
Standard
Victory
Conquest
Starting age
Feudal Age
Ending age
Imperial Age
RankedLock teamsTeams togetherTeam positionsShared explorationLock speedFull tech treeHidden civsTurbo modeCheats
Victory
Defeat
🇸🇪 Burgundians · Sweden
1250
+17
🇨🇦 Inca · Canada
1239
+17
🇷🇺 Burgundians · Russia
1277
-18
🇺🇸 Armenians · United States
1259
-17
PoTitoz
2:14 Double-Bit Axe
3:17 Forging
4:02 Horse Collar
9:11 Castle Age
6:55 Man-at-Arms
7:53 Bow Saw
7:46 Heavy Plow
9:11 Scale Mail Armor
9:26 Long Swordsman
11:01 Squires
11:39 Iron Casting
Fusilier649
1:26 Double-Bit Axe
1:39 Champi Runner
2:51 Scale Mail Armor
3:46 Forging
3:26 Arson
8:17 Castle Age
6:47 Double-Bit Axe
7:01 Gold Mining
8:31 Champi Warrior
9:28 Chain Mail Armor
9:17 Squires
12:34 Iron Casting
[CUBA] Patron
3:53 Scale Mail Armor
4:03 Forging
3:48 Horse Collar
Woodrow F Call
Connection lost

Rejoining the realm…

Still unreachable

The connection could not be restored.

Session expired

The server has moved on; the page needs a fresh start.